General information
- name: Local Game (DJOrwell)
- type: Custom game
- host: DJOrwell
- saver: DJOrwell
map: Korea
- players: 3
- length: 04:58
- speed: Fast
- version: 1.26 W3XP
- replay type: Public
» download(24 KB)
Players
team 1 (loser)
DJOrwell (
red | 47 APM | 233 actions | 04:58)
2 Death Knight
1 Death Coil
1 Unholy Aura
» actions
| Assign group hotkey | 3 | |
| Build / train | 13 | |
| Enter build submenu | 10 | |
| Enter hero's abilities submenu | 2 | |
| Right click | 126 | |
| Select / deselect | 66 | |
| Select group hotkey | 2 | |
| Use ability | 11 | |
233 total
» units
» buildings
| Crypt | 1 | |
| Ziggurat | 4 | |
| Altar of Darkness | 1 | |
| Nerubian Tower | 1 | |
| Graveyard | 1 | |
8 total
» build order
00:09 Crypt
00:15 Ziggurat
00:19 Altar of Darkness
01:24 Nerubian Tower
02:00 Graveyard
02:26 Ziggurat
02:44 Ziggurat
03:32 Ziggurat
team 2 (winner)
DamThatRiver (
blue | 91 APM | 453 actions | 04:58)
1 Archmage
1 Summon Water Elemental
» actions
| Assign group hotkey | 14 | |
| Basic commands | 2 | |
| Build / train | 25 | |
| Enter build submenu | 12 | |
| Enter hero's abilities submenu | 1 | |
| Remove unit from queue | 1 | |
| Right click | 143 | |
| Select / deselect | 69 | |
| Select group hotkey | 163 | |
| Use ability | 23 | |
453 total
» units
» buildings
| Altar of Kings | 1 | |
| Farm | 3 | |
| Barracks | 1 | |
| Lumber Mill | 1 | |
| Scout Tower | 7 | |
| Guard Tower | 3 | |
16 total
» build order
00:03 Altar of Kings
00:21 Farm
00:36 Barracks
00:52 Farm
01:33 Farm
02:23 Lumber Mill
03:15 Scout Tower
03:15 Scout Tower
03:17 Scout Tower
03:17 Scout Tower
03:45 Guard Tower
04:02 Scout Tower
04:13 Guard Tower
04:30 Scout Tower
04:38 Guard Tower
04:50 Scout Tower
observersHAL9001 Chat log
(00:43 / All) DJOrwell: i like the lumber placement on this map
(01:00 / All) DamThatRiver: yeah
(01:07 / All) DamThatRiver: i dont like the wide open spaces though
(04:26 / All) DJOrwell: OH GAWD
(04:30 / All) DJOrwell: YOU REALLY HATE THIS MAP
(04:32 / All) DJOrwell: DON'T YOU
(04:35 / All) DamThatRiver: yes
(04:38 / All) DJOrwell: gg
(04:42 / All) DamThatRiver: gg
(04:43 / All) DJOrwell: well you win the match now
(04:48 / All) DJOrwell: wanna do a third just for the heck of it?
(04:52 / All) DamThatRiver: okie
(04:55 / All) DJOrwell: alright